Map: Proxima Station LE

Players

Ziggy

  • Race: Terran Terran
  • Spawn Location: 1:00

Zanster - Winner!

  • Race: Zerg Zerg
  • Spawn Location: 7:00

Event: IEM XI Katowice - World Championship 2017

VOD

Have the link to the VOD?

Description

Time

  • Played on: Feb. 27, 2017, 11:06 a.m.
  • Length: 10:31

All games in this series

Show
View Real Time Build Order
Export as new Build Order

Ziggy Terran 

Build Orders: Liberator Opening, Reaper Expand, Mech 

Get SALT Encoding   

  12  0:01  SCV  
  13  0:13  SCV  
  14  0:17  Supply Depot  
  14  0:25  SCV  
  15  0:39  SCV  
  15  0:41  Barracks  
  16  0:49  Refinery  
  16  0:51  SCV  
  17  1:04  SCV  
  18  1:21  SCV  
  19  1:31  Reaper  
  20  1:33  Orbital Command  
  20  1:44  Command Center  
  20  1:53  Engineering Bay  
  20  1:58  SCV  
  21  2:04  Barracks Reactor  
  21  2:10  SCV  
  21  2:12  Supply Depot  
  22  2:22  Refinery  
  22  2:23  SCV  
  23  2:35  SCV  
  24  2:37  Factory  
  24  2:43  Marine x2  
  26  2:47  SCV  
  27  2:57  Orbital Command  
  27  2:59  SCV  
  28  3:11  SCV  
  29  3:22  Refinery  
  29  3:23  SCV x2  
  29  3:25  Starport  
  31  3:28  Hellion x2  
  35  3:35  SCV x2  
  37  3:45  Barracks Tech Lab  
  37  3:47  SCV x2  
  39  3:50  Hellion x2  
  39  3:54  Supply Depot  
  39  3:55  Supply Depot  
  43  3:58  Liberator  
  43  3:59  SCV x2  
  45  4:11  SCV  
  45  4:16  SCV  
  50  4:20  Fusion Core  
  50  4:21  Hellion x2  
  50  4:23  SCV  
  55  4:27  Supply Depot  
  55  4:28  SCV  
  56  4:39  SCV  
  56  4:40  SCV  
  56  4:42  Command Center  
  58  4:49  Liberator  
  58  4:56  SCV x2  
  60  5:02  Refinery  
  60  5:07  Advanced Ballistics  
  63  5:13  Factory, SCV x2  
  65  5:15  Factory, Engineering Bay  
  65  5:22  Supply Depot  
  65  5:24  Supply Depot  
  65  5:25  SCV x2  
  67  5:32  Liberator  
  66  5:44  Cyclone x2  
  66  5:46  SCV  
  66  5:47  SCV  
  77  5:59  SCV x2  
  77  6:02  Factory Tech Lab x2  
  79  6:06  Missile Turret, Refinery  
  79  6:07  Refinery  
  79  6:09  Armory  
  79  6:11  SCV  
  80  6:12  SCV  
  81  6:21  Factory, Missile Turret  
  81  6:23  Factory, SCV  
  81  6:25  SCV  
  83  6:30  Orbital Command  
  83  6:31  Cyclone  
  86  6:46  Siege Tank  
  92  6:47  Siege Tank  
  92  6:51  Supply Depot  
  92  6:52  Supply Depot, SCV x2  
  97  6:58  Terran Vehicle Weapons Level 1  
  97  7:00  SCV  
  98  7:04  SCV  
  98  7:07  Factory Reactor  
  93  7:09  SCV  
  93  7:11  Starport Reactor  
  93  7:12  SCV  
  93  7:14  Cyclone x2  
  104  7:16  Supply Depot, Siege Tank  
  104  7:19  Missile Turret  
  104  7:25  Missile Turret  
  104  7:28  Siege Tank x2  
  110  7:31  SCV x2  
  110  7:32  SCV  
  110  7:34  Supply Depot  
  110  7:36  Supply Depot  
  113  7:37  Supply Depot  
  113  7:42  Infernal Pre-Igniter  
  113  7:49  Cyclone x2  
  119  7:54  SCV x2  
  119  7:56  Cyclone  
  124  7:59  SCV  
  125  8:13  Cyclone x3  
  125  8:14  Command Center  
  125  8:18  Supply Depot  
  134  8:21  Missile Turret  
  134  8:22  Missile Turret  
  134  8:23  Missile Turret  
  134  8:25  Cyclone x2  
  140  8:33  Supply Depot x3  
  140  8:38  Cyclone  
  141  8:43  Cyclone  
  141  8:45  Cyclone  
  145  8:53  Cyclone  
  145  8:54  Cyclone  
  151  9:03  Cyclone  
  154  9:11  Cyclone  
  142  9:18  Cyclone  
  142  9:19  Cyclone  
  142  9:20  Hellion  
  150  9:26  Hellion, Cyclone  
  150  9:28  Orbital Command  
  155  9:32  Missile Turret  
  128  9:40  Cyclone  
  128  9:41  Refinery, Cyclone  
  128  9:42  Refinery  
  112  9:49  Siege Tank  
  115  9:53  Missile Turret  
  105  10:15  Missile Turret  
Show
View Real Time Build Order
Export as new Build Order

Zanster Zerg - Winner!

Build Orders: Hatch First 

Get SALT Encoding   

  12  0:00  Drone  
  13  0:13  Overlord  
  13  0:17  Drone  
  14  0:31  Drone x2  
  14  0:35  Drone  
  17  0:53  Hatchery  
  17  0:55  Drone  
  17  0:57  Drone  
  18  1:08  Extractor  
  17  1:12  Spawning Pool  
  17  1:16  Drone  
  17  1:19  Drone  
  18  1:28  Drone  
  19  1:41  Drone  
  20  1:49  Overlord  
  20  2:00  Queen  
  22  2:05  Queen  
  22  2:06  Zergling x4  
  26  2:08  Metabolic Boost  
  26  2:12  Zergling x2  
  26  2:15  Drone  
  28  2:23  Drone  
  28  2:26  Drone  
  30  2:33  Drone  
  32  2:37  Drone  
  32  2:39  Queen  
  34  2:46  Pneumatized Carapace  
  34  2:48  Overlord  
  34  2:49  Drone  
  35  2:55  Drone  
  36  3:10  Drone x4  
  36  3:11  Drone x2  
  42  3:15  Overlord  
  42  3:17  Queen  
  44  3:33  Overlord  
  44  3:34  Drone x4  
  49  3:41  Drone  
  49  3:46  Hatchery, Drone  
  49  3:47  Drone  
  50  3:52  Roach Warren, Drone x2  
  50  3:55  Drone  
  52  3:58  Extractor  
  52  3:59  Extractor, Drone  
  52  4:00  Drone  
  52  4:07  Lair  
  52  4:08  Overlord  
  52  4:10  Drone  
  52  4:11  Drone  
  52  4:14  Drone  
  55  4:20  Overlord  
  55  4:22  Drone  
  55  4:23  Drone  
  57  4:26  Drone  
  57  4:27  Drone x3  
  61  4:31  Overlord  
  61  4:37  Overlord  
  61  4:43  Overlord  
  61  4:45  Extractor  
  60  4:53  Queen  
  60  4:55  Drone x3  
  65  5:00  Overlord  
  65  5:05  Roach x4  
  65  5:06  Roach  
  75  5:11  Drone x3  
  75  5:12  Spire  
  75  5:13  Drone  
  78  5:15  Overseer  
  78  5:18  Spore Crawler  
  78  5:19  Spore Crawler  
  78  5:20  Drone  
  77  5:22  Drone  
  77  5:24  Drone  
  79  5:29  Overlord  
  79  5:32  Drone  
  79  5:34  Drone x3  
  82  5:43  Drone x6  
  88  5:52  Drone  
  88  5:53  Drone x3  
  88  5:57  Extractor  
  90  5:59  Drone  
  90  6:01  Overlord  
  90  6:02  Extractor  
  90  6:03  Evolution Chamber  
  89  6:04  Overseer, Evolution Chamber  
  89  6:05  Overlord  
  89  6:07  Drone  
  89  6:14  Overlord  
  89  6:22  Overlord  
  89  6:24  Hatchery  
  88  6:27  Corruptor  
  88  6:28  Corruptor x3  
  88  6:29  Corruptor  
  88  6:32  Corruptor  
  98  6:37  Zerg Missile Weapons Level 1  
  98  6:38  Zerg Ground Armor Level 1  
  100  6:43  Drone x2  
  100  6:44  Drone x2  
  104  6:53  Overlord, Drone  
  104  6:54  Drone x2  
  102  7:01  Queen  
  106  7:08  Roach x3  
  106  7:09  Roach x2  
  106  7:10  Roach x4  
  122  7:16  Hydralisk Den  
  122  7:17  Infestation Pit, Drone x3  
  122  7:20  Drone  
  122  7:21  Drone x2  
  122  7:22  Overlord  
  126  7:28  Drone x2  
  126  7:29  Drone x2  
  130  7:39  Roach x3  
  130  7:42  Ravager x3  
  130  7:43  Overlord  
  139  7:44  Hatchery  
  139  7:47  Muscular Augments  
  138  7:58  Hive  
  137  8:03  Drone x10  
  137  8:05  Drone  
  148  8:06  Overlord, Extractor x2  
  148  8:11  Roach x3  
  152  8:13  Ravager x3  
  152  8:15  Overlord  
  155  8:22  Hydralisk x4  
  155  8:24  Overlord  
  163  8:29  Hydralisk  
  163  8:30  Hydralisk  
  163  8:31  Overlord  
  167  8:35  Hydralisk x2  
  167  8:37  Overlord  
  171  8:44  Overlord  
  171  8:51  Spine Crawler  
  171  8:52  Spore Crawler  
  168  8:55  Hydralisk  
  168  8:56  Hydralisk, Roach x11  
  168  8:57  Zergling x6  
  197  9:04  Ravager  
  197  9:05  Ravager  
  197  9:08  Glial Reconstitution  
  197  9:09  Extractor  
  198  9:10  Zergling x2  
  198  9:12  Extractor  
  196  9:26  Zergling x6  
  178  9:39  Hydralisk x7, Roach x5  
  178  9:40  Hydralisk x3  
  199  9:57  Hatchery  
  196  10:07  Zergling x24  

Tags
 
Add a new tag
Caveats
  • Supply blocks, unpowered buildings, or Contaminate may cause inaccurate times.
  • Supply counts are checked every 10 seconds.